[Event "Team 45 45 League T73"]
[Site "Internet Chess Club"]
[Date "2017.06.26"]
[Round "2"]
[White "Srijan13"]
[Black "Portola"]
[Result "1-0"]
[WhiteElo "1505"]
[BlackElo "1663"]
[Opening "QGD: Orthodox defense"]
[ECO "D60"]
[Time "14:00:30"]
[TimeControl "2700+45"]

1. d4 d5 2. c4 e6 3. Nf3 Nf6 4. Nc3 Be7 5. Bg5 Nbd7 6. e3 O-O 7. Be2 b6 8. O-O
Bb7 9. cxd5 exd5 10. Rc1 c5 11. Qc2 Ne4 12. Bxe7 Qxe7 13. Rfd1 cxd4 14. Nxd4
Nxc3 15. bxc3 Rac8 16. Qb2 Nc5 17. Qa3 Ba8 18. c4 dxc4 19. Bxc4 Qg5 20. f3 Rfe8
21. e4 Rcd8 22. Qxa7 Qe3+ 23. Kh1 Rd7 24. Qxb6 Rxd4 25. Re1 Qa3 26. Bb5 Red8 27.
Qxc5 Qxa2 28. Qxd4 {Black resigns} 1-0

[Event "Team 45 45 League T73"]
[Site "Internet Chess Club"]
[Date "2017.06.26"]
[Round "2"]
[White "rubo"]
[Black "isaacdp"]
[Result "0-1"]
[WhiteElo "1568"]
[BlackElo "1468"]
[Opening "Queen's bishop game"]
[ECO "D02"]
[Time "18:00:52"]
[TimeControl "2700+45"]

1. d4 Nf6 2. Nf3 d5 3. Bf4 c5 4. e3 Nc6 5. c3 Qb6 6. Qb3 c4 7. Qxb6 axb6 8. Nbd2
Bf5 9. Be2 b5 10. a3 b4 11. cxb4 Nxb4 12. O-O Nc6 13. Ne5 e6 14. h3 h6 15. Rfc1
Nxe5 16. Bxe5 Be7 17. Bh2 Kd7 18. Nf3 Rhc8 19. Ne5+ Ke8 20. g4 Bh7 21. f4 Be4
22. g5 hxg5 23. fxg5 Nd7 24. h4 Nxe5 25. dxe5 g6 26. Bg3 Bc5 27. Bf2 Ra6 28. Kh2
Rb6 29. Ra2 Ra8 30. Rca1 Rba6 31. b3 b5 32. bxc4 bxc4 33. a4 Bb4 34. Bd1 Bc3 35.
Rc1 Bxe5+ 36. Bg3 Bxg3+ 37. Kxg3 Rb8 38. Kf4 Ke7 39. Ke5 Bd3 40. h5 gxh5 41.
Bxh5 Rb4 42. Bd1 c3 43. Bf3 c2 44. Ra3 Raxa4 45. Rxa4 Rxa4 46. Re1 Rc4 47. Rc1
Be2 48. Bh1 Bd1 49. e4 Rb4 50. exd5 exd5 51. Ra1 Rb1 52. Ra7+ Kf8 53. Bxd5 c1=Q
54. Rxf7+ Ke8 55. Kd6 Rb6+ 56. Ke5 Qe3+ 57. Kf5 Qf2+ 58. Ke5 Qxf7 59. Bxf7+ Kxf7
60. g6+ Kxg6 {White resigns} 0-1

[Event "Team 45 45 League T73"]
[Site "Internet Chess Club"]
[Date "2017.06.29"]
[Round "2"]
[White "MasterD"]
[Black "g8wrb"]
[Result "1-0"]
[WhiteElo "1541"]
[BlackElo "1200"]
[Opening "French: Steinitz, Boleslavsky variation"]
[ECO "C11"]
[Time "13:06:40"]
[TimeControl "2700+45"]

1. e4 e6 2. d4 d5 3. Nc3 Nf6 4. e5 Nfd7 5. f4 c5 6. Nf3 Nc6 7. Be3 cxd4 8. Nxd4
a6 9. g3 b5 10. Nxc6 Qc7 11. Nd4 b4 12. Nce2 Be7 13. Bg2 Rb8 14. O-O a5 15. Qd2
Ba6 16. Rfd1 O-O 17. c3 Rfc8 18. Rac1 Bc4 19. b3 Bxe2 20. Nxe2 Qb7 21. c4 Bc5
22. cxd5 Bxe3+ 23. Qxe3 exd5 24. Bxd5 Qa6 25. Rxc8+ Rxc8 26. Bxf7+ {Black
resigns} 1-0

[Event "Team 45 45 League T73"]
[Site "Internet Chess Club"]
[Date "2017.07.02"]
[Round "2"]
[White "calsal"]
[Black "cityprosecutor"]
[Result "1-0"]
[WhiteElo "1725"]
[BlackElo "1677"]
[Opening "Pirc: 150 attack"]
[ECO "B07"]
[Time "18:37:36"]
[TimeControl "2700+45"]

1. e4 d6 2. d4 Nf6 3. Nc3 g6 4. Be3 c6 5. Qd2 b5 6. Bd3 Nbd7 7. Nf3 e5 8. dxe5
dxe5 9. h3 Bb7 10. O-O a5 11. Ne2 Bg7 12. a4 b4 13. Rfd1 O-O 14. Ng3 Qc7 15. Qe2
Rac8 16. Nh2 c5 17. Bb5 Nb6 18. f3 Rfd8 19. Qf2 Bf8 20. h4 h5 21. Nh1 Qe7 22.
Bg5 Bg7 23. Nf1 Bc6 24. Bxc6 Rc7 {Black resigns} 1-0

[Event "Team 45 45 League T73"]
[Site "Internet Chess Club"]
[Date "2017.06.22"]
[Round "2"]
[White "elessar"]
[Black "Yedixon"]
[Result "1/2-1/2"]
[WhiteElo "1648"]
[BlackElo "1698"]
[Opening "Petrov: Nimzovich attack"]
[ECO "C42"]
[Time "14:01:07"]
[TimeControl "2700+45"]

1. e4 e5 2. Nf3 Nf6 3. Nxe5 d6 4. Nf3 Nxe4 5. Nc3 Nxc3 6. dxc3 Be7 7. Be3 c6 8.
Qd2 Nd7 9. Be2 O-O 10. O-O-O Nf6 11. Bd3 Ng4 12. h3 Nxe3 13. Qxe3 Re8 14. Kb1
Bd7 15. Qe4 g6 16. Qe3 c5 17. Qd2 Bc6 18. Bc4 Qd7 19. Bd5 b5 20. g4 a5 21. Ng5
Bxg5 22. Qxg5 Re5 23. Bxc6 Qxc6 24. Qd2 Rae8 25. Qxd6 Qxh1 26. Rxh1 Re1+ 27. Qd1
Rxd1+ 28. Rxd1 Re2 29. Rf1 Kg7 30. Kc1 Kf6 31. Kd1 Re5 32. f4 Re3 33. f5 g5 34.
Rh1 Rg3 35. a3 Ke5 36. Ke2 Rg2+ 37. Kd1 Kd5 38. Re1 Kd6 39. Re3 Rg1+ 40. Kd2
Rg2+ 41. Kd1 {Game drawn by mutual agreement} 1/2-1/2

[Event "Team 45 45 League T73"]
[Site "Internet Chess Club"]
[Date "2017.07.01"]
[Round "2"]
[White "KidRattler"]
[Black "Hal2001"]
[Result "1/2-1/2"]
[WhiteElo "1636"]
[BlackElo "1629"]
[Opening "Robatsch (modern) defense"]
[ECO "B06"]
[Time "20:09:13"]
[TimeControl "2700+45"]

1. e4 g6 2. Nf3 Bg7 3. d4 c5 4. c3 cxd4 5. cxd4 d5 6. exd5 Nf6 7. Nc3 Nxd5 8.
Bc4 Nb6 9. Bb3 O-O 10. Be3 Bg4 11. h3 {Game drawn by mutual agreement} 1/2-1/2

[Event "Team 45 45 League T73"]
[Site "Internet Chess Club"]
[Date "2017.06.22"]
[Round "2"]
[White "Constrictor"]
[Black "mongmong"]
[Result "1/2-1/2"]
[WhiteElo "1574"]
[BlackElo "1503"]
[Opening "Bogo-Indian defense"]
[ECO "E11"]
[Time "17:08:23"]
[TimeControl "2700+45"]

1. Nf3 e6 2. d4 Nf6 3. c4 Bb4+ 4. Bd2 a5 5. g3 d6 6. Bg2 Nbd7 7. O-O O-O 8. Nc3
e5 9. a3 Bxc3 10. Bxc3 Qe7 11. e3 c6 12. Qc2 b6 13. dxe5 dxe5 14. Rfd1 Bb7 15.
Nh4 g6 16. Rd2 Rfd8 17. Rad1 Rab8 18. Rd6 c5 19. Bxb7 Rxb7 20. Nf3 Ne8 21. R6d2
f6 22. Qe4 Rbb8 23. Nh4 Nf8 24. Rxd8 {Game drawn by mutual agreement} 1/2-1/2

[Event "Team 45 45 League T73"]
[Site "Internet Chess Club"]
[Date "2017.06.23"]
[Round "2"]
[White "LookImYourVader"]
[Black "Packerfan"]
[Result "0-1"]
[WhiteElo "1727"]
[BlackElo "1725"]
[Opening "Scotch gambit: Dubois-Réti defense"]
[ECO "C55"]
[Time "14:00:35"]
[TimeControl "2700+45"]

1. e4 e5 2. d4 exd4 3. Nf3 Nc6 4. Bc4 Nf6 5. e5 d5 6. Bb5 Ne4 7. Nxd4 Bd7 8.
Bxc6 bxc6 9. O-O Bc5 10. f3 Ng5 11. Be3 Ne6 12. f4 Qh4 13. Qd2 O-O 14. Nxe6
Bxe3+ 15. Qxe3 fxe6 16. Nd2 Qe7 17. Nb3 Be8 18. Qc5 Qd7 19. Nd4 Rb8 20. b3 Rb6
21. g4 g6 22. Rf2 Rf7 23. a4 Qe7 24. Qxe7 Rxe7 25. Re1 c5 26. Nf3 Rb4 27. Nd2
Rf7 28. Ref1 Kf8 29. c3 Rb6 30. f5 gxf5 31. gxf5 exf5 32. Rxf5 Rg6+ 33. Kh1 Rxf5
34. Rxf5+ Ke7 35. h4 Ke6 36. Rf6+ Rxf6 37. exf6 Kxf6 38. Kg2 Kf5 39. Kg3 Bh5 40.
a5 Bd1 41. b4 cxb4 42. cxb4 c6 43. Nb1 d4 44. Nd2 h5 45. Nc4 Ke6 46. Kf4 Kd5 47.
Nd2 Bg4 48. Kg3 d3 49. Kf2 Kd4 50. Ke1 Kc3 {White resigns} 0-1

[Event "Team 45 45 League T73"]
[Site "Internet Chess Club"]
[Date "2017.06.23"]
[Round "2"]
[White "harlyman"]
[Black "Duguesclin"]
[Result "1-0"]
[WhiteElo "1563"]
[BlackElo "1505"]
[Opening "Nimzo-Indian: Leningrad variation"]
[ECO "E30"]
[Time "15:05:09"]
[TimeControl "2700+45"]

1. d4 Nf6 2. c4 e6 3. Nc3 Bb4 4. Bg5 h6 5. Bh4 O-O 6. Nf3 b6 7. e3 Bb7 8. Be2 d5
9. O-O Nbd7 10. Rc1 c5 11. a3 Bxc3 12. Rxc3 Rc8 13. Ne5 Qc7 14. Bg3 Ne4 15. Nxd7
Qxd7 16. Rc1 Nxg3 17. hxg3 Rfd8 18. cxd5 exd5 19. dxc5 Rxc5 20. Rxc5 bxc5 21.
Bf3 Qb5 22. Qd2 Ba6 23. Rd1 d4 24. exd4 cxd4 25. Be4 Qe2 26. Qxe2 Bxe2 27. Rd2
Bb5 28. Bd3 a6 29. Bxb5 axb5 30. Kf1 f5 31. Ke2 Kf7 32. Kd3 Kf6 33. Rc2 Rd5 34.
b3 h5 35. a4 bxa4 36. bxa4 g5 37. Rc4 Ra5 38. Kxd4 g4 39. Kc3 Re5 40. Kb4 Re2
41. Rf4 Kg5 42. a5 Ra2 43. Kb5 h4 44. a6 hxg3 45. fxg3 Rxg2 46. a7 Rxg3 47. Ra4
f4 48. a8=Q f3 49. Qf8 Rg2 50. Qf4+ Kh5 51. Ra6 {Black resigns} 1-0

[Event "Team 45 45 League T73"]
[Site "Internet Chess Club"]
[Date "2017.06.22"]
[Round "2"]
[White "filmdirector"]
[Black "tryanything"]
[Result "1-0"]
[WhiteElo "1672"]
[BlackElo "1573"]
[Opening "Ruy Lopez: Berlin defense"]
[ECO "C65"]
[Time "19:19:11"]
[TimeControl "2700+45"]

1. e4 e5 2. Nf3 Nc6 3. Bb5 Nf6 4. d3 d6 5. c3 Be7 6. O-O O-O 7. Re1 a6 8. Ba4
Bg4 9. Nbd2 b5 10. Bc2 a5 11. Nf1 a4 12. h3 Bh5 13. Ng3 Bg6 14. Qe2 Na7 15. d4
exd4 16. cxd4 c6 17. Bf4 Nh5 18. Nxh5 Bxh5 19. Rad1 d5 20. exd5 Bd6 21. Bxd6
Qxd6 22. dxc6 Qxc6 23. Be4 Bxf3 24. Qxf3 Qc8 25. Bxa8 Qxa8 26. Qxa8 Rxa8 27. Re7
Nc6 28. Rc7 {Black resigns} 1-0

[Event "Team 45 45 League T73"]
[Site "Internet Chess Club"]
[Date "2017.06.25"]
[Round "2"]
[White "clarinetref"]
[Black "Chesstime2016"]
[Result "0-1"]
[WhiteElo "1502"]
[BlackElo "1436"]
[Opening "Queen's pawn game, Chigorin variation"]
[ECO "A04"]
[Time "20:10:22"]
[TimeControl "2700+45"]

1. Nf3 Nc6 2. d4 d5 3. c4 e6 4. e3 Nf6 5. Nc3 Bb4 6. a3 Bxc3+ 7. bxc3 O-O 8.
cxd5 exd5 9. c4 Bg4 10. h3 Be6 11. Qc2 Qd7 12. Bb2 Rfe8 13. Bd3 dxc4 14. Bxc4
Bf5 15. Bd3 Bxd3 16. Qxd3 Rad8 17. O-O Ne5 18. Nxe5 Rxe5 19. Qc2 Rg5 20. Kh1 Rh5
21. f3 Nd5 22. Qf2 Re8 23. Rae1 Re6 24. e4 Nf4 25. Qg3 Nd3 26. Re2 Nxb2 27. Rxb2
Rg6 28. Rxb7 h6 29. Qxc7 Rxh3+ 30. gxh3 Qxh3+ 31. Qh2 Qxf1+ {White resigns} 0-1

[Event "Team 45 45 League T73"]
[Site "Internet Chess Club"]
[Date "2017.06.22"]
[Round "2"]
[White "wirerabbit"]
[Black "Pawnchain"]
[Result "1-0"]
[WhiteElo "1400"]
[BlackElo "1433"]
[Opening "French: Steinitz variation"]
[ECO "C11"]
[Time "20:00:20"]
[TimeControl "2700+45"]

1. e4 e6 2. d4 d5 3. Nc3 Nf6 4. e5 Nfd7 5. Nf3 c5 6. Be3 cxd4 7. Bxd4 Nc6 8. Ne2
Qc7 9. Ng3 Ndxe5 10. Nxe5 Nxe5 11. Bb5+ Bd7 12. Bxd7+ Nxd7 13. O-O Be7 14. Qg4
Bf6 15. Rac1 Qc4 16. c3 Qc8 17. Nh5 Qd8 {Black resigns} 1-0

[Event "Team 45 45 League T73"]
[Site "Internet Chess Club"]
[Date "2017.06.26"]
[Round "2"]
[White "liujf"]
[Black "QuimCatala"]
[Result "1-0"]
[WhiteElo "1618"]
[BlackElo "1345"]
[Opening "Sicilian: Pelikan (Lasker/Sveshnikov) variation"]
[ECO "B33"]
[Time "14:00:35"]
[TimeControl "2700+45"]

1. e4 c5 2. Nf3 Nc6 3. d4 cxd4 4. Nxd4 Nf6 5. Nc3 e5 6. Nb3 a6 7. Nd5 Nxd5 8.
exd5 Ne7 9. c4 d6 10. Bd3 Bf5 11. Bg5 Qd7 12. O-O Bxd3 13. Qxd3 Qf5 14. Qd2 Ng6
15. Rfe1 f6 16. Be3 Be7 17. Rac1 O-O 18. c5 Nh4 19. Rc4 g5 20. Na5 e4 21. Qd1 g4
22. Nxb7 Nf3+ 23. gxf3 gxf3 24. Kh1 Kh8 25. cxd6 Qh3 26. Rg1 Rg8 27. dxe7 Rg2
28. Bf4 Rag8 29. e8=Q Rxe8 30. Nd6 Rf8 31. Rxe4 h6 32. Re7 Qh4 33. Qb1 f5 34.
Be5+ Kg8 35. Rg7+ Kh8 36. R7xg2+ Rf6 37. Nf7+ {Black resigns} 1-0

[Event "Team 45 45 League T73"]
[Site "Internet Chess Club"]
[Date "2017.06.21"]
[Round "2"]
[White "GideonL"]
[Black "crazyhorses"]
[Result "0-1"]
[WhiteElo "1375"]
[BlackElo "1363"]
[Opening "Sicilian: dragon variation"]
[ECO "B70"]
[Time "19:00:49"]
[TimeControl "2700+45"]

1. e4 c5 2. Nf3 d6 3. d4 cxd4 4. Nxd4 Nf6 5. Nc3 g6 6. Bb5+ Bd7 7. O-O Bg7 8.
Be3 O-O 9. f3 Bxb5 10. Ndxb5 Nc6 11. Nd4 Qb6 12. b3 Qb4 13. Nce2 Rfd8 14. c3 Qa5
15. Nxc6 bxc6 16. c4 c5 17. Qc2 Nd7 18. Rad1 Ne5 19. Bd2 Qc7 20. Nc3 Nc6 21. Nd5
Qd7 22. Bc3 Nd4 23. Bxd4 Bxd4+ 24. Kh1 e6 25. Nc3 Qe7 26. Ne2 Bg7 27. Rd2 Rd7
28. Rfd1 Rad8 29. Nc3 a6 30. h3 Qh4 31. Na4 Bd4 32. Qd3 Qg3 33. f4 Qxf4 34. Qf3
Qxf3 35. gxf3 e5 36. Nb6 Rb7 37. Nd5 Kg7 38. Kg2 f5 39. Rf1 Rf8 40. Rdd1 Rbf7
41. Rb1 a5 42. Rbe1 Rb8 43. Rb1 Rfb7 44. Rbd1 a4 45. Rd3 axb3 46. axb3 Rxb3 47.
Rxb3 Rxb3 48. exf5 gxf5 49. Ne7 Kf6 50. Nc8 Ke6 51. Ra1 Bxa1 {White resigns} 0-1

[Event "Team 45 45 League T73"]
[Site "Internet Chess Club"]
[Date "2017.06.23"]
[Round "2"]
[White "rkjulianjr"]
[Black "limeinthecoke"]
[Result "0-1"]
[WhiteElo "1312"]
[BlackElo "1326"]
[Opening "Dutch defense, Rubinstein variation"]
[ECO "A40"]
[Time "18:07:06"]
[TimeControl "2700+45"]

1. d4 e6 2. c4 f5 3. Nc3 Nf6 4. Bg5 Bb4 5. Nf3 h6 6. Bd2 b6 7. g3 Bb7 8. Bg2 O-O
9. Qc2 c5 10. e3 cxd4 11. exd4 Bxc3 12. Bxc3 Qc7 13. Bd2 Be4 14. Qc3 Qb7 15. O-O
d5 16. b3 Nc6 17. Rae1 Rad8 18. Nh4 Bxg2 19. Nxg2 Ne4 20. Qe3 dxc4 21. f3 Nxd2
22. Qxd2 Nxd4 23. Qe3 Rfe8 24. Nf4 Nc2 25. Qc3 Nxe1 26. Qxe1 e5 27. Qc3 b5 28.
Nh5 Rd3 29. Qb4 Rxf3 30. Rd1 Qb6+ 31. Kg2 Rf2+ 32. Kh3 g5 33. Rd7 g4+ 34. Kh4
Rxh2# {White checkmated} 0-1

[Event "Team 45 45 League T73"]
[Site "Internet Chess Club"]
[Date "2017.06.24"]
[Round "2"]
[White "idjit"]
[Black "MartyJR"]
[Result "1-0"]
[WhiteElo "1651"]
[BlackElo "1438"]
[Opening "Sicilian: Grand Prix attack"]
[ECO "B23"]
[Time "12:02:12"]
[TimeControl "2700+45"]

1. e4 c5 2. Nc3 Nc6 3. f4 g6 4. Nf3 Bg7 5. Bb5 e6 6. e5 Nge7 7. Ne4 O-O 8. Bxc6
Nxc6 9. Nxc5 Qb6 10. d4 f6 11. O-O fxe5 12. fxe5 Nxe5 13. Nxe5 Bxe5 14. Rxf8+
Kxf8 15. Qf3+ Kg8 16. Be3 Bg7 17. Rf1 Qd8 18. Qf7+ Kh8 19. Ne4 b6 20. Nd6 Ba6
21. Rf3 Rb8 22. Qf4 Kg8 23. Bf2 Qf8 24. Qg3 Qd8 25. Rf7 Rc8 26. c3 Rc6 27. Be3
Rxd6 28. Rxg7+ Kxg7 29. Qxd6 Kf7 30. b3 Qc8 31. d5 exd5 32. Qxd5+ Kg7 33. Bd4+
Kh6 34. Qe5 g5 35. Qf6+ Kh5 36. Qf7+ Kg4 37. Qf3+ {Black resigns} 1-0

[Event "Team 45 45 League T73"]
[Site "Internet Chess Club"]
[Date "2017.06.25"]
[Round "2"]
[White "g8wrb"]
[Black "guyd52"]
[Result "0-1"]
[WhiteElo "1199"]
[BlackElo "1349"]
[Opening "Pirc: classical system, 5.Be2"]
[ECO "B08"]
[Time "08:04:09"]
[TimeControl "2700+45"]

1. e4 d6 2. d4 Nf6 3. Nc3 g6 4. Nf3 Bg7 5. Be2 O-O 6. O-O Nbd7 7. Bg5 e5 8. Qd2
exd4 9. Nxd4 a6 10. Bh6 Ne5 11. Bxg7 Kxg7 12. Rad1 Bg4 13. f3 Bd7 14. Qg5 Qe7
15. f4 Nc6 16. Nf5+ Bxf5 17. exf5 Rh8 18. fxg6 hxg6 19. Qg3 Rae8 20. Rf3 Ne4 21.
Nxe4 Qxe4 22. Bd3 Qd4+ 23. Kh1 Qxb2 24. f5 Ne5 25. fxg6 fxg6 26. Re3 Nxd3 27.
Rxe8 Rxe8 28. Qxd3 Qxa2 29. Qc3+ Kh6 30. Qxc7 Qe6 31. h3 Re7 32. Qxd6 Qxd6 33.
Rxd6 Rc7 34. Rd2 b5 35. Kg1 a5 36. Rd5 Rb7 37. Kf1 a4 38. Rd1 b4 39. Ra1 a3 40.
Ra2 Rd7 41. Ke2 Kg5 42. c3 bxc3 43. Rxa3 Rc7 44. Kd1 Kf4 45. Kc2 Kg3 46. h4 Kxh4
47. Rxc3 Rxc3+ 48. Kxc3 Kg3 49. Kd2 Kxg2 50. Ke2 Kg3 51. Kf1 g5 52. Kg1 g4 53.
Kh1 Kf2 54. Kh2 g3+ 55. Kh1 g2+ {White resigns} 0-1

[Event "Team 45 45 League T73"]
[Site "Internet Chess Club"]
[Date "2017.06.25"]
[Round "2"]
[White "Just-Jim"]
[Black "SeniorCitizen"]
[Result "1-0"]
[WhiteElo "1315"]
[BlackElo "1236"]
[Opening "Queen's pawn game"]
[ECO "D02"]
[Time "16:00:34"]
[TimeControl "2700+45"]

1. Nf3 d5 2. d4 Bf5 3. Nc3 e6 4. e3 Nf6 5. Be2 Be7 6. O-O O-O 7. h3 Nbd7 8. Nh4
Bg6 9. Nxg6 fxg6 10. Bg4 Nxg4 11. Qxg4 Rf6 12. e4 dxe4 13. Nxe4 Rf5 14. Ng3 Rf7
15. Qxe6 Nb6 16. c3 Qf8 17. Ne4 Re8 18. Qb3 Kh8 19. Bg5 Bd6 20. Nxd6 cxd6 21.
Be3 Rf5 22. c4 Qf7 23. d5 Nc8 24. g4 Rf3 25. Kg2 Re4 26. Qd1 Rf6 27. Qd3 Re8 28.
Bg5 Rf4 29. Bxf4 Qxf4 30. Rae1 {Black resigns} 1-0

[Event "Team 45 45 League T73"]
[Site "Internet Chess Club"]
[Date "2017.06.24"]
[Round "2"]
[White "az2112"]
[Black "Constrictor"]
[Result "1-0"]
[WhiteElo "1670"]
[BlackElo "1562"]
[Opening "QGD Slav: Dutch variation"]
[ECO "D18"]
[Time "11:02:14"]
[TimeControl "2700+45"]

1. d4 c6 2. c4 d5 3. Nf3 Nf6 4. Nc3 dxc4 5. a4 Bf5 6. e3 e6 7. Bxc4 Bb4 8. Bd2
Nbd7 9. Qb3 Bxc3 10. bxc3 Nb6 11. Be2 Qc7 12. Qa3 Ne4 13. a5 Nd7 14. O-O Qd6 15.
Bc1 O-O 16. Qxd6 Nxd6 17. Ba3 Ne4 18. Bxf8 Nxc3 19. Bb4 Nxe2+ 20. Kh1 Bd3 21.
Rfe1 Nf6 22. Ra2 Nd5 23. Bc5 Ndc3 24. Ra3 Bb5 25. Ng1 Ne4 26. Nxe2 Nxf2+ 27. Kg1
Nd3 {Black resigns} 1-0

[Event "Team 45 45 League T73"]
[Site "Internet Chess Club"]
[Date "2017.06.22"]
[Round "2"]
[White "mongmong"]
[Black "ChessMaine"]
[Result "0-1"]
[WhiteElo "1486"]
[BlackElo "1498"]
[Opening "Queen's pawn game"]
[ECO "D04"]
[Time "21:01:13"]
[TimeControl "2700+45"]

1. d4 d5 2. Nf3 Nf6 3. e3 Nc6 4. Bd3 Bg4 5. c4 e5 6. cxd5 Qxd5 7. Be2 O-O-O 8.
Nc3 Bb4 9. a3 Bxc3+ 10. bxc3 Ne4 11. c4 Qa5+ 12. Bd2 Nxd2 13. Qxd2 Qxd2+ 14.
Kxd2 exd4 15. e4 Rhe8 16. h3 {White resigns} 0-1

[Event "Team 45 45 League T73"]
[Site "Internet Chess Club"]
[Date "2017.06.25"]
[Round "2"]
[White "seattleblues"]
[Black "UrsaMajor"]
[Result "0-1"]
[WhiteElo "1282"]
[BlackElo "1443"]
[Opening "QGD: classical variation (5.Bf4)"]
[ECO "D37"]
[Time "08:04:14"]
[TimeControl "2700+45"]

1. d4 Nf6 2. Nf3 d5 3. c4 e6 4. Nc3 Be7 5. Bf4 O-O 6. e3 b6 7. Be2 a6 8. O-O
Nbd7 9. h3 Bb7 10. Qc2 c5 11. dxc5 Nxc5 12. Rad1 Rc8 13. Qb1 Bd6 14. Ne5 Qc7 15.
Nd3 Bxf4 16. Nxf4 dxc4 17. Bxc4 b5 18. Bd3 Rfd8 19. Be2 Nce4 20. Rc1 Nd2 21. Qa1
Nxf1 22. Kxf1 b4 {White resigns} 0-1

[Event "Team 45 45 League T73"]
[Site "Internet Chess Club"]
[Date "2017.06.23"]
[Round "2"]
[White "stantheman59"]
[Black "Conjurer"]
[Result "0-1"]
[WhiteElo "1262"]
[BlackElo "1224"]
[Opening "Nimzo-Indian defense"]
[ECO "E20"]
[Time "14:04:17"]
[TimeControl "2700+45"]

1. d4 Nf6 2. c4 e6 3. Nc3 Bb4 4. Bd2 c5 5. d5 O-O 6. Nf3 d6 7. Qc2 exd5 8. Nxd5
Bxd2+ 9. Qxd2 Ng4 10. e4 Nc6 11. a3 Re8 12. Bd3 Nce5 13. Nxe5 Nxe5 14. Be2 Bg4
15. O-O Qh4 16. Nc7 Bxe2 17. Qxe2 Ng4 18. h3 Ne5 19. Nxa8 Rxa8 20. Rad1 Rd8 21.
f4 Nc6 22. e5 Nd4 23. Qf2 Qxf2+ 24. Rxf2 dxe5 25. fxe5 Ne2+ 26. Rxe2 Rxd1+ 27.
Kf2 Kf8 28. g4 Ke7 29. Kg3 g5 30. h4 Rd3+ 31. Kf2 gxh4 32. g5 Rg3 33. Re4 Rxg5
34. Rxh4 h5 35. Re4 Ke6 36. Ke3 Rxe5 37. Rxe5+ Kxe5 38. Kf3 Kf5 39. b4 cxb4 40.
axb4 b6 41. Kg3 Kg5 42. c5 bxc5 43. bxc5 Kf6 44. c6 Ke7 45. Kh4 Kd6 46. c7 Kxc7
47. Kxh5 a5 {White resigns} 0-1

[Event "Team 45 45 League T73"]
[Site "Internet Chess Club"]
[Date "2017.06.23"]
[Round "2"]
[White "noblitz-oblige"]
[Black "chuckh2"]
[Result "1/2-1/2"]
[WhiteElo "1431"]
[BlackElo "1461"]
[Opening "French: exchange variation"]
[ECO "C01"]
[Time "22:31:33"]
[TimeControl "2700+45"]

1. e4 e6 2. d4 d5 3. exd5 exd5 4. Nf3 Bd6 5. Nc3 c6 6. h3 Ne7 7. Bd3 O-O 8. O-O
Bf5 9. Re1 Bxd3 10. Qxd3 Ng6 11. Bg5 f6 12. Bd2 Nd7 13. Qf5 Qc7 14. h4 Rae8 15.
h5 Nh8 16. Ne2 Nf7 17. Nh4 Nh8 18. Nf4 Bxf4 19. Bxf4 Qd8 20. Qg4 Rf7 21. Nf5 g5
22. hxg6 Nxg6 23. Nh6+ Kg7 24. Nxf7 Kxf7 25. Re3 Nxf4 26. Qxf4 Rxe3 27. Qxe3 Nf8
28. Re1 Ng6 29. Qe6+ Kf8 30. Re3 a6 31. Rf3 Kg7 32. g4 h6 33. Qe3 Qd6 34. Rf5
Qd7 35. f3 Qd6 36. Rh5 Qg3+ 37. Kf1 Nf4 38. Rf5 Qh3+ 39. Kf2 Qh2+ 40. Kf1 Qh3+
41. Kf2 Qh2+ 42. Kf1 Qh1+ 43. Kf2 Qh2+ 44. Kf1 Qh1+ {Game drawn by mutual
agreement} 1/2-1/2

[Event "Team 45 45 League T73"]
[Site "Internet Chess Club"]
[Date "2017.06.24"]
[Round "2"]
[White "bmw2002"]
[Black "chesskix"]
[Result "1-0"]
[WhiteElo "1526"]
[BlackElo "1402"]
[Opening "English opening"]
[ECO "A10"]
[Time "20:07:59"]
[TimeControl "2700+45"]

1. c4 b6 2. Nc3 Bb7 3. d3 g6 4. Nf3 Bg7 5. Bf4 d6 6. e4 e5 7. Bg5 f6 8. Be3 Ne7
9. g3 Nbc6 10. Bg2 O-O 11. O-O Bc8 12. Qd2 Bd7 13. Rac1 a6 14. Nd5 Nxd5 15. cxd5
Ne7 16. d4 f5 17. dxe5 fxe4 18. exd6 cxd6 19. Ng5 Nf5 20. Nxe4 Nxe3 21. Qxe3 Bf5
22. Qa3 Bxe4 23. Bxe4 Bd4 24. Rc6 Bc5 25. b4 Bd4 26. Qd3 Qf6 27. Qd2 a5 28. Rc4
Bb2 29. Rb1 Ba3 30. bxa5 bxa5 31. Rb7 Bc5 32. Rc2 Bb4 33. Qh6 Bc5 34. Qxh7#
{Black checkmated} 1-0

[Event "Team 45 45 League T73"]
[Site "Internet Chess Club"]
[Date "2017.06.23"]
[Round "2"]
[White "RonaldoR"]
[Black "BrerRabbit"]
[Result "1/2-1/2"]
[WhiteElo "1586"]
[BlackElo "1368"]
[Opening "Old Indian: Tartakower (Wade) variation"]
[ECO "A04"]
[Time "19:02:00"]
[TimeControl "2700+45"]

1. Nf3 d6 2. d4 Bg4 3. c4 Nd7 4. Nc3 c6 5. e4 g6 6. Be2 Bg7 7. Be3 Ngf6 8. O-O
O-O 9. Nd2 Bxe2 10. Qxe2 e6 11. Kh1 d5 12. e5 Ne8 13. f4 b6 14. Nf3 c5 15. cxd5
exd5 16. Nxd5 cxd4 17. Bxd4 Rc8 18. Nc3 Nc5 19. Rad1 Qc7 20. Nd5 Qb7 21. Ne3 Ne6
22. Ne1 Qe4 23. Qd3 Qxd3 24. Rxd3 N8c7 25. Bc3 Rfd8 26. Rxd8+ Rxd8 27. f5 Nc5
28. f6 Bf8 29. N1c2 Na4 30. Bb4 Bxb4 31. Nxb4 Nxb2 32. Kg1 Rd2 33. Rc1 Ne6 34.
Nbd5 h6 35. Rc8+ Kh7 36. Ra8 Nd3 37. Rxa7 Nxe5 38. Nxb6 g5 39. Ra5 Nd7 40. Nxd7
Rxd7 41. a4 Rd2 42. Ra8 {Game drawn by mutual agreement} 1/2-1/2

[Event "Team 45 45 League T73"]
[Site "Internet Chess Club"]
[Date "2017.06.23"]
[Round "2"]
[White "WzeroMN"]
[Black "kingsrook"]
[Result "1/2-1/2"]
[WhiteElo "1124"]
[BlackElo "1231"]
[Opening "Sicilian: Anderssen variation"]
[ECO "B41"]
[Time "13:00:32"]
[TimeControl "2700+45"]

1. e4 c5 2. Nf3 e6 3. d4 cxd4 4. Nxd4 Nf6 5. Nc3 Nc6 6. Nxc6 bxc6 7. a3 Be7 8.
Bf4 d5 9. exd5 Nxd5 10. Nxd5 exd5 11. Qd2 O-O 12. O-O-O h6 13. Qd4 Bf6 14. Qc5
Qb6 15. Qxb6 axb6 16. Bd3 Re8 17. Rhe1 Be6 18. Kb1 b5 19. Bd6 Be7 20. Bxe7 Rxe7
21. Bf5 g6 22. Bxe6 fxe6 23. Re2 Kf7 24. Rd3 Kg7 25. Rde3 Rae8 26. Rc3 Rc8 27.
Rce3 Rce8 28. Rc3 Rc8 29. Rce3 Rce8 {Game drawn by repetition} 1/2-1/2

[Event "Team 45 45 League T73"]
[Site "Internet Chess Club"]
[Date "2017.06.22"]
[Round "2"]
[White "olivermx"]
[Black "Aquaman"]
[Result "1-0"]
[WhiteElo "1327"]
[BlackElo "1318"]
[Opening "QP counter-gambit: Maroczy gambit"]
[ECO "C40"]
[Time "17:01:23"]
[TimeControl "2700+45"]

1. e4 e5 2. Nf3 d5 3. exd5 Bd6 4. Bb5+ Bd7 5. Bc4 Nf6 6. O-O O-O 7. Bb3 e4 8.
Nd4 Bxh2+ 9. Kxh2 Ng4+ 10. Kg3 Qg5 11. f4 exf3 12. Qxf3 Qe5+ 13. Qf4 Qh5 14. c4
Qh2+ 15. Kf3 Qh5 16. Kg3 Qh2+ 17. Kf3 Qh5 18. Kg3 Ne5 19. d3 Nxd3 20. Qg5 Qxg5+
21. Bxg5 Nxb2 22. Rh1 Nd3 23. Bc2 f6 24. Bxd3 fxg5 25. Bxh7+ Kf7 26. Rf1+ Ke7
27. Rxf8 Kxf8 28. Nc3 Na6 29. Bf5 Be8 30. Rf1 Ke7 31. Kg4 Nc5 32. Kxg5 Bd7 33.
Re1+ Kd8 34. Ne6+ Nxe6+ 35. Bxe6 Bxe6 36. Rxe6 Kd7 37. Kg6 c6 38. Kxg7 cxd5 39.
cxd5 Rc8 40. Nb5 a6 41. Nd4 Rc4 42. Nf5 Rg4+ 43. Kf6 Rxg2 44. Re7+ Kd8 45. Rxb7
Rxa2 46. Ke6 Kc8 47. Rh7 Re2+ 48. Kd6 Re8 49. Rc7+ Kb8 50. Ne7 Rd8+ 51. Rd7 Re8
52. Nc6+ Kc8 53. Rc7# {Black checkmated} 1-0